 Dungeon Crawl Stone Soup version 0.30.1-11-g7821555f0a (webtiles) character file.

Game seed: 5511531551855322038

2585 comborobin the Covert (level 9, 0/43 HPs)
             Began as a Spriggan Delver on Dec 4, 2023.
             Was a Believer of Wu Jian.
             Slain by an orc warrior
             ... wielding a +0 short sword
              (8 damage)
             ... on level 7 of the Dungeon.
             The game lasted 00:10:49 (4683 turns).

comborobin the Covert (Spriggan Delver)             Turns: 4683, Time: 00:10:50

Health: 0/43       AC:  5    Str:  8    XL:     9   Next: 32%
Magic:  10/10      EV: 25    Int: 12    God:    Wu Jian [**....]
Gold:   81         SH:  0    Dex: 20    Spells: 8/8 levels left

rFire   + + .        a - +5 dagger
rCold   . . .        (no shield)
rNeg    . . .        n - +1 robe {Will+}
rPois   .            (helmet restricted)
rElec   .            r - +1 cloak
rCorr   .            (gloves unavailable)
SInv    +            (boots unavailable)
Will    ++...        o - amulet of faith
Stlth   ++++++       (no ring)
HPRegen 0.27/turn    g - ring of protection from fire
MPRegen 0.12/turn

%: faith
@: about to teleport, very quick
A: very small, no large weapons, unfitting armour, see invisible, speed 3, fire
resistance 1, high MP 1
a: Renounce Religion, Wall Jump


You were on level 7 of the Dungeon.
You worshipped Wu Jian.
Wu Jian was pleased with you.
You visited 2 branches of the dungeon, and saw 7 of its levels.
You also visited: Ossuary.

You collected 188 gold pieces.
You spent 107 gold pieces at shops.

Inventory:

Hand Weapons
 a - a +5 dagger (weapon)
 b - a +0 rapier
 f - a +1 dagger of chaos
 t - a +2 dagger of speed
 v - a +0 shortbow
Armour
 h - a +0 robe
 n - a +1 robe of willpower (worn)
 r - a +1 cloak (worn)
Jewellery
 g - a ring of protection from fire (right hand)
 o - an amulet of faith (around neck)
 p - a ring of ice
Wands
 e - a wand of flame (7)
Scrolls
 c - a scroll of fog
 d - a scroll of magic mapping
 k - 2 scrolls of identify
 l - 2 scrolls of teleportation
 m - a scroll of poison {unknown}
 q - 2 scrolls of enchant weapon {unknown}
 s - a scroll of brand weapon {unknown}
 u - a scroll of immolation {unknown}
Potions
 i - a potion of mutation
 j - a potion of attraction


   Skills:
 - Level 2.4 Fighting
 + Level 8.3 Short Blades
 + Level 10.0 Dodging
 + Level 13.3 Stealth


You had 8 spell levels left.
You didn't know any spells.
Your spell library was empty.

Dungeon Overview and Level Annotations

Branches:
Dungeon (10/15)            Temple (1/1) D:5         Ossuary (visited)
   Lair: D:8-11         Orc: D:9-12

Altars:
Ashenzari
Cheibriados
Elyvilon
Gozag
Hepliaklqana
Kikubaaqudgha
Makhleb
Nemelex Xobeh
Okawaru
Qazlal
Ru
Sif Muna
Uskayaw
Vehumet
Wu Jian
Xom
Yredelemnul
Zin
The Shining One

Shops:
D:8 *[*   D:9 !

Annotations:
D:7 Pikel


Innate Abilities, Weirdness & Mutations

You are very small and have problems with some larger weapons.
You are too small for most types of armour.
You have supernaturally acute eyesight. (SInv)
You cover ground extremely quickly. (Speed+++)
Your flesh is heat resistant. (rF+)
You have an increased reservoir of magic. (+10% MP)


Message History

You climb upwards.
Level annotation: Pikel
There is a stone staircase leading down here.
Unknown command.
Unknown command.
The lemure shouts!
You hit the orc but do no damage.
You hear a shout!
The orc warrior hits you with a +0 short sword.
The orc misses you.
You hit the orc.
The orc is severely wounded.
You hit the orc but do no damage.
The orc is severely wounded.
The orc warrior misses you. The orc completely misses you.
You hit the orc.
The orc is almost dead.
You hit the orc.
You kill the orc!
The Council accepts your kill.
The orc warrior hits you with a +0 short sword!
* * * LOW HITPOINT WARNING * * *
The lemure shouts!
You hit the lemure.
The lemure is lightly wounded.
The orc warrior closely misses you.
As you read the scroll of teleportation, it crumbles to dust.
You feel strangely unstable. The lemure hits you.
* * * LOW HITPOINT WARNING * * *
The orc warrior hits you with a +0 short sword.
* * * LOW HITPOINT WARNING * * *
Okay, then.
The lemure misses you. The orc warrior misses you.
You hit the orc warrior but do no damage.
The lemure completely misses you.
Unknown command.
You hit the orc warrior.
The orc warrior is lightly wounded.
The orc warrior hits you with a +0 short sword!
You die...

#########.......#
#...............#
#.#######.......#### #.#
#..........######### #.#
#.......##.........######
#.#
#.......##..####........#
#.# #.......##..#
#...####.# #.#
##########5.## ##### #.#
#.##### #....o@55..# ###.#
......#####.######...######
#.... #####.......#
#........###.... #..######
#...####..>..... #..# #...#
#####.... #..# ###..†#
#.... #..#
#.....###########. #..#
#.#.#.........###. #####..#
#.#.#########.##..


You could see an orc warrior and 3 lemures.

Vanquished Creatures
  Psyche (D:8)
  A troll (D:6)
  A steam dragon (D:8)
  A black bear (D:6)
  An ogre (D:6)
  2 centaurs
  A lemure (D:8)
  2 phantoms
  2 kobold brigands
  An elf zombie (Ossuary)
  3 bullfrogs
  5 wights (D:8)
  4 killer bees (D:7)
  A howler monkey (D:9)
  4 centaur zombies (Ossuary)
  3 jellies
  2 hounds
  6 orc wizards
  2 mummies (Ossuary)
  An adder (D:6)
  A shadow imp (D:5)
  4 white imps
  An adder zombie (Ossuary)
  9 orcs
  A goblin zombie (Ossuary)
  10 hobgoblin zombies (Ossuary)
  A jackal zombie (Ossuary)
  4 kobolds
  7 kobold zombies (Ossuary)
  10 orc zombies (Ossuary)
  2 rat zombies (Ossuary)
94 creatures vanquished.

Vanquished Creatures (collateral kills)
  A kobold brigand (D:9)
  A howler monkey (D:9)
  2 orcs (D:9)
4 creatures vanquished.

Vanquished Creatures (others)
  A killer bee (D:7)
1 creature vanquished.

Grand Total: 99 creatures vanquished

Notes
Turn   | Place    | Note
-------+----------+-------------------------------------------
     0 | D:5      | comborobin the Spriggan Delver began the quest for the Orb.
     0 | D:5      | Reached XP level 1. HP: 11/11 MP: 2/2
     2 | D:5      | Noticed a jelly
    22 | D:5      | Killed a jelly
    23 | D:5      | Reached XP level 2. HP: 16/16 MP: 3/3
    23 | D:5      | Reached XP level 3. HP: 19/19 MP: 4/4
    83 | D:6      | Noticed a phantom
    89 | D:6      | Found a sand-covered staircase.
    94 | Ossuary  | Entered an ossuary
   278 | Ossuary  | Reached skill level 8 in Stealth
   282 | Ossuary  | Reached XP level 4. HP: 23/23 MP: 5/5
   354 | Ossuary  | HP: 1/23 [centaur zombie (2)]
   378 | Ossuary  | Reached XP level 5. HP: 4/27 MP: 6/6
   583 | Ossuary  | Reached skill level 5 in Dodging
   583 | Ossuary  | Reached skill level 9 in Stealth
   692 | Ossuary  | Reached XP level 6. HP: 32/32 MP: 7/7
   880 | D:7      | Gained mutation: You sometimes lose your temper in combat.
                  | [potion of mutation]
   880 | D:7      | Gained mutation: You do not regenerate when monsters are
                  | visible. [potion of mutation]
   880 | D:7      | Gained mutation: You are strong-willed. (Will+) [potion of
                  | mutation]
  1126 | D:8      | Lost mutation: You sometimes lose your temper in combat.
                  | [potion of mutation]
  1126 | D:8      | Lost mutation: You are strong-willed. (Will+) [potion of
                  | mutation]
  1126 | D:8      | Lost mutation: You do not regenerate when monsters are
                  | visible. [potion of mutation]
  1126 | D:8      | Gained mutation: You have an increased reservoir of magic.
                  | (+10% MP) [potion of mutation]
  1126 | D:8      | Gained mutation: Your flesh is heat resistant. (rF+)
                  | [potion of mutation]
  1248 | D:8      | Reached skill level 5 in Short Blades
  1341 | D:6      | Noticed an ice beast
  1349 | D:6      | Reached skill level 10 in Stealth
  1349 | D:6      | Reached XP level 7. HP: 35/35 MP: 8/8
  1692 | D:5      | Found a staircase to the Ecumenical Temple.
  1708 | Temple   | Entered the Ecumenical Temple
  1851 | Temple   | Became a worshipper of the Wu Jian Council
  2051 | D:6      | Found a sparkling altar of Nemelex Xobeh.
  2403 | D:6      | Noticed a troll
  2407 | D:6      | Killed a troll
  2477 | D:7      | Noticed Pikel
  2635 | D:7      | Reached skill level 11 in Stealth
  2635 | D:7      | Reached XP level 8. HP: 23/39 MP: 9/9
  2851 | D:8      | Found Cogh's General Store.
  2852 | D:8      | Noticed Psyche
  2933 | D:10     | Entered Level 10 of the Dungeon
  3056 | D:9      | Found Fedwoo Neygh's Distillery.
  3177 | D:9      | Reached * piety under Wu Jian
  3254 | D:10     | Reached skill level 12 in Stealth
  4066 | D:8      | Reached XP level 9. HP: 38/43 MP: 10/10
  4107 | D:8      | Killed Psyche
  4236 | D:8      | Found Xogeceq's Antique Armour Shop.
  4244 | D:8      | Bought a glowing robe for 107 gold pieces
  4286 | D:8      | Reached skill level 13 in Stealth
  4475 | D:8      | Found Pefihil's General Store.
  4667 | D:8      | Reached ** piety under Wu Jian
  4668 | D:8      | Reached skill level 10 in Dodging
  4683 | D:7      | Slain by an orc warrior

Illustrated notes

Levels and vault maps discovered:
D:5:      layout_rooms, minmay_temple_entry_slanted, nicolae_figureground_pulse
D:6:      layout_rooms, mainiacjoe_overflow_concentric_impassable,
          enter_ossuary_3, minmay_microvault
D:7:      layout_loops_ring, uniq_crazy_yiuf_cottage, uniq_pikel
D:8:      layout_basic, serial_shops, nicolae_shop_stone, shop,
          nicolae_stop_n_shop_2, shop, bh_walls_and_bars, uniq_psyche,
          uniq_prince_ribbit1
D:9:      layout_rooms, serial_shops, nicolae_shop_behind_doors, shop, shop,
          nicolae_shop_temple_entry_statues_fountains, shop, st_stairs_5,
          minmay_misc_feat_columns
D:10:     layout_cave_pools, minmay_orc_entry_guard_dogs,
          kennysheep_opposing_triangles, uniq_snorg
Temple:   mainiacjoe_temple_bowtie_tessellation

Skill      XL: |  1  2  3  4  5  6  7  8  9 |
---------------+----------------------------+-----
Dodging        | 3 4 5 6 7 9 10 | 10.0
Short Blades   | 3 4 5 6 7 8 |  8.3
Stealth        | 8 9 10 11 12 13 | 13.3
Fighting       | |  2.4

Action                     |  1- 3 |  4- 6 |  7- 9 || total
---------------------------+-------+-------+-------++-------
  Melee: Dagger            |    37 |     4 |   389 ||   430
         Short sword       |    41 |   186 |     1 ||   228
         Punch             |     1 |     1 |     9 ||    11
         Rapier            |       |       |    65 ||    65
         Unarmed           |       |       |     1 ||     1
Ability: Lunge             |       |       |    16 ||    16
         Whirlwind         |       |       |    15 ||    15
  Evoke: Wand              |       |     2 |    16 ||    18
    Use: Potion            |       |     5 |     5 ||    10
         Scroll            |       |       |     5 ||     5
   Stab: Sleeping          |     9 |     3 |    10 ||    22
         Distracted        |       |     2 |     4 ||     6
 Armour: Robe              |     8 |    18 |    36 ||    62
  Dodge: Dodged            |    60 |   107 |   386 ||   553
